 Dungeon Crawl Stone Soup version 0.30-a0-777-ga9a30cbeda (webtiles) character file.

Game seed: 2137385253845835876

307 pokeman the Magician (level 6, -7/34 HPs)
             Began as a Deep Elf Hedge Wizard on Feb 13, 2023.
             Mangled by a wraith (11 damage)
             ... in an ossuary on Feb 14, 2023.
             The game lasted 00:07:50 (3694 turns).

pokeman the Magician (Deep Elf Hedge Wizard)        Turns: 3694, Time: 00:07:50

Health: -7/34      AC:  4    Str:  7    XL:     6   Next: 16%
Magic:  12/17      EV: 13    Int: 21    God:
Gold:   203        SH:  0    Dex: 14    Spells: 10/18 levels left

rFire   + . .      SeeInvis .    u - +2 dagger (elec)
rCold   . . .      Faith    .    (no shield)
rNeg    . . .      Spirit   .    b - +0 robe
rPois   .          Reflect  .    g - +0 helmet
rElec   .          Harm     .    (no cloak)
rCorr   .          Rampage  .    f - +0 pair of gloves
Will    .....                    (no boots)
Stlth   ++                       (no amulet)
HPRegen 0.25/turn                e - ring of wizardry
MPRegen 0.15/turn                p - ring of protection from fire

@: slowed, very slow
A: no striking features
a: no special abilities


You were in an ossuary.
You visited 1 branch of the dungeon, and saw 4 of its levels.
You also visited: Ossuary.

You collected 203 gold pieces.

Inventory:

Hand Weapons
 u - a +2 dagger of electrocution (weapon)
Armour
 b - a +0 robe (worn)
 f - a +0 pair of gloves (worn)
 g - a +0 helmet (worn)
Magical Staves
 s - a staff of fire
Jewellery
 e - a ring of wizardry (left hand)
 p - a ring of protection from fire (right hand)
Scrolls
 c - 3 scrolls of identify {unknown}
 k - a scroll of vulnerability {unknown}
 m - a scroll of immolation {unknown}
 n - 2 scrolls of teleportation {unknown}
 o - 2 scrolls of fear {unknown}
 q - a scroll of summoning {unknown}
 r - a scroll of enchant weapon {unknown}
 v - a scroll of amnesia {unknown}
Potions
 a - 2 potions of ambrosia {unknown}
 d - a potion of magic
 h - a potion of flight {unknown}
 i - 2 potions of heal wounds
 j - 2 potions of lignification {unknown}
 l - 2 potions of curing {unknown}
 t - a potion of degeneration {unknown}


   Skills:
 - Level 1.0 Fighting
 - Level 1.0 Armour
 + Level 3.6 Dodging
 + Level 3.8 Stealth
 * Level 6.8 Spellcasting
 + Level 3.1 Conjurations
 - Level 1.1 Summonings
 - Level 1.1 Translocations


You had 10 spell levels left.
You knew the following spells:

 Your Spells              Type           Power      Damage    Failure   Level
a - Magic Dart            Conj           80%        1d7       1%          1
b - Mephitic Cloud        Conj/Pois/Air  11%        N/A       7%          3
c - Call Imp              Summ           11%        N/A       3%          2
d - Blink                 Tloc           22%        N/A       3%          2

Your spell library contained the following spells:

 Spells                   Type           Power      Damage    Failure   Level
 Slow                     Hex            28%        N/A       3%          1
 Cigotuvi's Dreadful Rot  Necr/Pois/Air  14%        N/A       6%          2
 Poisonous Vapours        Pois/Air       14%        N/A       6%          2


Dungeon Overview and Level Annotations

Branches:
Dungeon (4/15)            Ossuary (1/1)
 Temple: D:4-7

Altars:
Gozag
Uskayaw


Message History

Casting: Magic Dart (safe; 1% risk of failure)
Confirm with . or Enter, or press ? or * to list all spells.
A shadowy apparition takes form in the air.
Casting: Call Imp (safe; 3% risk of failure)
Confirm with . or Enter, or press ? or * to list all spells.
Aiming: Magic Dart (safe; 1% risk of failure)
Press: ? - help, Shift-Dir - straight line, f - orc skeleton, p - wraith
Aim: an orc skeleton (100% to hit)
The magic dart hits the orc skeleton!
You destroy the orc skeleton!
Your shadow imp barely misses the wraith.
The wraith hits your shadow imp!
Your shadow imp dies!
Your shadow imp disappears in a puff of smoke!
Casting: Magic Dart (safe; 1% risk of failure)
Confirm with . or Enter, or press ? or * to list all spells.
A beastly little devil appears in a puff of frigid air.
An orc skeleton comes into view.
The wraith barely misses your white imp.
Your white imp gestures at the wraith.
The puff of frost hits the wraith.
The wraith resists.
The wraith hits you! The wraith drains your vigour!
You feel yourself slow down.
You closely miss the wraith.
The wraith is lightly damaged.
Your white imp barely misses the wraith.
The wraith hits you!
Unknown command.
You closely miss the wraith.
The wraith is lightly damaged.
Your white imp hits the wraith but does no damage.
The wraith hits you!
* * * LOW HITPOINT WARNING * * *
The wraith hits you.
* * * LOW HITPOINT WARNING * * *
Your white imp hits the wraith but does no damage.
You barely miss the wraith.
The wraith is lightly damaged.
Your white imp closely misses the wraith.
The wraith hits you!
You die...

##.........##......#
##...#####...## ....#
##...##...##...##....#
#...##.?...##...#...
+...'.!.!.?.#...'.
#...##..??.##..Z#
##...##...##...##
##...#####W5.## .
..##........@##...
...#####+#####....
..................
..................
#######'''########
####...####
#..'...'..#
#..#...#..#
####...####


You could see a wraith (ally target), a kobold skeleton and a friendly white imp
(summoned).

Vanquished Creatures
  Sigmund (D:2)
  Terence (D:2)
  A mummy (Ossuary)
  3 adders
  2 worms
  A dart slug (D:3)
  7 orcs
  5 endoplasms
  2 giant cockroaches
  7 goblins
  4 hobgoblins
  3 jackals
  A quokka (D:3)
  11 ball pythons
  2 bats (D:1)
  A frilled lizard (D:1)
  7 kobolds
  2 kobold skeletons (Ossuary)
  8 orc skeletons (Ossuary)
  2 rats (D:2)
71 creatures vanquished.

Vanquished Creatures (others)
  4 plants (D:2)
4 creatures vanquished.

Grand Total: 75 creatures vanquished

Notes
Turn   | Place    | Note
-------+----------+-------------------------------------------
     0 | D:1      | pokeman the Deep Elf Hedge Wizard began the quest for the
                  | Orb.
     0 | D:1      | Reached XP level 1. HP: 10/10 MP: 7/7
   333 | D:1      | Reached XP level 2. HP: 16/16 MP: 6/9
   765 | D:1      | Reached skill level 5 in Spellcasting
  1042 | D:2      | Reached XP level 3. HP: 17/20 MP: 5/11
  1051 | D:2      | Learned a level 3 spell: Mephitic Cloud
  1054 | D:2      | Learned a level 2 spell: Call Imp
  1057 | D:2      | Learned a level 2 spell: Blink
  1324 | D:2      | Reached skill level 1 in Armour
  1351 | D:2      | Reached skill level 1 in Fighting
  1430 | D:2      | Noticed Sigmund
  1441 | D:2      | Noticed Terence
  1564 | D:2      | Killed Sigmund
  1565 | D:2      | Reached skill level 6 in Spellcasting
  1565 | D:2      | Reached XP level 4. HP: 22/25 MP: 7/14
  1565 | D:2      | Reached XP level 5. HP: 25/29 MP: 7/15
  1589 | D:2      | Killed Terence
  2256 | D:3      | Found an opulent altar of Gozag.
  2391 | D:3      | Reached XP level 6. HP: 34/34 MP: 14/17
  2702 | D:3      | Found a hide-covered altar of Uskayaw.
  3275 | D:4      | Found a sand-covered staircase.
  3284 | Ossuary  | Entered an ossuary
  3284 | Ossuary  | Noticed a wraith
  3284 | Ossuary  | Noticed a wraith
  3284 | Ossuary  | Noticed a wraith
  3503 | Ossuary  | Noticed a wraith
  3694 | Ossuary  | Mangled by a wraith

Illustrated notes

Levels and vault maps discovered:
D:1:      amcnicky_arrival_underground_garden, layout_basic
D:2:      layout_loops_cross, serial_forest, infiniplex_forest_clump_small,
          infiniplex_forest_end_2, infiniplex_forest_clump_tiny,
          infiniplex_forest_clump_tiny, uniq_sigmund, uniq_terence
D:3:      layout_basic, grunt_gozag_statues, marbit_many_paths
D:4:      minmay_general_purpose_star, layout_gridville,
          nicolae_ossuary_entry_ruins, grunt_decor_fettered, hex_medium
Ossuary:  ossuary_due_mausoleum

Skill      XL: |  1  2  3  4  5 |
---------------+----------------+-----
Spellcasting   | 5 6 |  6.8
Armour         | 1 |  1.0
Fighting       | 1 |  1.0
Conjurations   | 2 3 |  3.1
Dodging        | 3 |  3.6
Stealth        | 3 |  3.8
Summonings     | |  1.1
Translocations | |  1.1

Action                     |  1- 3 |  4- 6 || total
---------------------------+-------+-------++-------
  Melee: Dagger            |     1 |     9 ||    10
         Hand axe          |    30 |    18 ||    48
   Cast: Magic Dart        |    56 |    92 ||   148
         Mephitic Cloud    |     6 |     2 ||     8
         Call Imp          |     2 |     4 ||     6
         Blink             |       |     1 ||     1
   Stab: Sleeping          |     1 |       ||     1
         Confused          |       |     2 ||     2
 Armour: Robe              |       |     5 ||     5
  Dodge: Dodged            |    11 |    19 ||    30

Table legend: (Time is in decaauts)
 A = Elapsed time spent in this place.
 B = Non-inter-level travel time spent in this place.
 C = Inter-level travel time spent in this place.
 D = Time resting spent in this place.
 E = Time spent auto-exploring this place.
 F = Levels seen in this place.
 G = Mean time per level.
                   A        B        C        D        E       F      G
               +--------+--------+--------+--------+--------+-----+--------+
         Total |   3710 |   3583 |    127 |    170 |   2766 |   5 |  742.0 |
       Dungeon |   3295 |   3168 |    127 |     92 |   2568 |   4 |  823.8 |
       Ossuary |    414 |    414 |      0 |     78 |    198 |   1 |  414.0 |
               +--------+--------+--------+--------+--------+-----+--------+

Top non-repeatable levels by time:
     D:2: 1285 daAuts
     D:3: 980 daAuts
     D:1: 953 daAuts
 Ossuary: 414 daAuts
     D:4: 77 daAuts
